Cogmind - Beta 16 --- EXPLORER MODE // 2025.12.24 @ 14:12:06 Player: K.K.Y. Result: Destroyed by 9G-LSG(R) with Subdweller Beam Cannon Performance ------------- Evolutions (0) 0 Regions Visited (3) 600 Robots Destroyed (27) 135 Value Destroyed (595) 595 Prototype IDs (12) 240 Alien Tech Used (0) 0 Bonus (0) 0 TOTAL SCORE: 1570 Bonus ------- None Cogmind --------- Core Integrity 0/250 Matter 300/300 Energy 100/100 System Corruption 0% Temperature Cool (9) Movement Core (200) Ox3 Location -10/Subcaves Parts ------- > --- POWER (1) -------- (None) > --- PROPULSION (2) --- (None) > --- UTILITY (3) ------ Medium Storage Unit ECM Suite > --- WEAPON (2) ------- (None) > --- INVENTORY (10) --- High-capacity Storage Unit Huge Storage Unit ECM Suite ECM Suite ECM Suite ECM Suite Makeshift Light Armor Plating Makeshift Hacking Suite Multitool Peak State ------------ > --- POWER ------------ Light Ion Engine > --- PROPULSION ------- Light Treads > --- UTILITY ---------- Medium Storage Unit ECM Suite ECM Suite > --- WEAPON ----------- Heavy Riot Gun Makeshift Axe > --- INVENTORY -------- High-capacity Storage Unit Huge Storage Unit ECM Suite ECM Suite ECM Suite ECM Suite Makeshift Light Armor Plating Makeshift Hacking Suite Medium Laser Multitool [Rating: 14] Favorites ----------- Power Ion Engine Engine Ion Engine Propulsion Light Treads Treads Light Treads Utility ECM Suite Device ECM Suite Storage Medium Storage Unit Weapon Medium Laser Energy Gun Medium Laser Special Weapon Mining Laser Slashing Weapon Makeshift Axe Build | -11 -10 -10 -10 ------- Run | Yrd Mat Min Sub Slots Evolved 1 | . 1 . . Power . | . . . . Propulsion . | . . . . Utility 1 | . 1 . . Weapon . | . . . . Parts Attached 22 | 6 10 . 6 Power 3 | 1 1 . 1 Engine 3 | 1 1 . 1 Core . | . . . . Reactor . | . . . . Propulsion 7 | 2 3 . 2 Treads 7 | 2 3 . 2 Leg . | . . . . Wheel . | . . . . Hover . | . . . . Flight . | . . . . Utility 4 | 2 2 . . Device 2 | 1 1 . . Storage 2 | 1 1 . . Processor . | . . . . Hackware . | . . . . Protection . | . . . . Artifact . | . . . . Weapon 8 | 1 4 . 3 Energy Gun 6 | 1 4 . 1 Energy Cannon . | . . . . Ballistic Gun . | . . . . Ballistic Cannon . | . . . . Launcher . | . . . . Special Weapon 1 | . . . 1 Impact Weapon . | . . . . Slashing Weapon 1 | . . . 1 Piercing Weapon . | . . . . Special Melee Weapon . | . . . . Unidentified Prototypes . | . . . . Parts Lost 9 | . . . 9 Power 2 | . . . 2 Propulsion 3 | . . . 3 Utility 1 | . . . 1 Weapon 3 | . . . 3 Highest Loss Streak 3 | . . . 3 To Critical Strikes . | . . . . Average Backups 9 | . 7 10 9 Power . | . . . . Propulsion . | . . . . Utility 7 | . 4 8 8 Weapon 1 | . 1 1 1 Tool/Special . | . . . . Unused Backups 13 | . 1 1 11 Power . | . . . . Propulsion . | . . . . Utility 10 | . . 1 9 Weapon 2 | . 1 . 1 Tool/Special 1 | . . . 1 Average Slot Usage (%) 91 | . 86 100 90 Engine 8 | . 12 12 6 Treads 21 | . 20 25 21 Device 23 | . 17 25 24 Storage 12 | . 12 12 12 Energy Gun 16 | . 22 25 13 Special Weapon 1 | . . . 2 Slashing Weapon 5 | . . . 7 Peak Build Rating 14 | 6 9 9 14 Average Rating 10 | 4 7 9 11 On Entrance 6 | . 6 9 9 Avg Prop Armor Cover (%) . | . . . . Naked Turns . | . . . . Heaviest Build 25 | 18 23 23 25 Greatest Support 40 | 40 40 40 40 Greatest Overweight (x) 6 | . 6 . 3 Average Overweight (x) . | . . . . Largest Inventory Capacity 20 | 10 20 10 10 Average Capacity 9 | 8 10 10 10 Most Carried 11 | 5 11 10 10 Average Carried 9 | 1 7 9 9 Final Capacity 10 | 10 10 10 10 Final Carried 10 | 1 10 10 9 Class Distribution -------------------- 100% | Hacker-Mutant Dominant Class ---------------- Hacker-Mutant | -10/Materials Hacker-Mutant | -10/Mines Hacker-Mutant | -10/Subcaves Resources | -11 -10 -10 -10 ----------- Run | Yrd Mat Min Sub Matter Collected 495 | 260 160 . 75 Remotely . | . . . . Salvage Created 919 | 97 339 . 483 Parts 69 | 9 27 . 33 Haulers Intercepted 2 | . 2 . . Recyclers Shooed . | . . . . Parts Field Recycled . | . . . . Retrieved Matter . | . . . . Parts Self-Destructed . | . . . . Prevented . | . . . . Parts Restored . | . . . . Kills | -11 -10 -10 -10 ------- Run | Yrd Mat Min Sub Combat Hostiles Destroyed 17 | . 4 . 13 Melee 4 | . . . 4 Guns 10 | . 4 . 6 Cannons 2 | . . . 2 AOE 1 | . . . 1 Classes Destroyed 10 | 2 4 . 4 Builder 1 | . 1 . . Tunneler 1 | 1 . . . Hauler 2 | . 2 . . Recycler 2 | 1 1 . . Turret 2 | . . . 2 Watcher 2 | . 2 . . Swarmer 7 | . 4 . 3 Sentry 1 | . . . 1 Artisan 2 | . . . 2 Subdweller 9 | . . . 9 Best Kill Streak 3 | 2 3 . 2 Combat Bots Only 2 | . 2 . 2 Max Kills in Single Turn 1 | 1 1 . 1 Gunslinging . | . . . . Exploded 1 | . . . 1 Melee 1 | . . . 1 Uniques/NPCs Destroyed . | . . . . Combat | -11 -10 -10 -10 -------- Run | Yrd Mat Min Sub Hostile Shots Fired 198 | . 26 . 172 Missed 80 | . 11 . 69 Hits 118 | . 15 . 103 Projectile 118 | . 15 . 103 AOE 9 | . . . 9 Critical Strikes 2 | . . . 2 Damage Taken 1228 | . 69 . 1159 Core 265 | . . . 265 Absorbed by Shields . | . . . . Ignored by Resistances 724 | . 51 . 673 Core Remaining (%) 100 | 100 . . . Volleys Fired 127 | 3 19 . 105 Largest 2 | 1 2 . 2 Hottest 150 | 40 100 . 150 Shots Fired 196 | 3 38 . 155 Gun 131 | 3 38 . 90 Cannon . | . . . . Launcher . | . . . . Special 65 | . . . 65 Kinetic . | . . . . Thermal 186 | 3 38 . 145 Explosive . | . . . . Electromagnetic 10 | . . . 10 Robot Hit Streak 42 | 3 5 . 42 Robot Miss Streak 3 | . 3 . 2 Penetration Max . | . . . . Secondary Targets 1 | . 1 . . Max Gunslinging Chain 1 | . 1 . . Shots Hit Robots 92 | 3 22 . 67 Core Hits 42 | 3 12 . 27 Critical Kills . | . . . . Critical Parts Destroyed . | . . . . Critical Strikes 5 | . 2 . 3 Burn 5 | . 2 . 3 Melee Attacks 38 | . . . 38 Impact . | . . . . Slashing 38 | . . . 38 Piercing . | . . . . Sneak Attacks . | . . . . Combat Hostiles . | . . . . Follow-up Attacks . | . . . . Damage Inflicted 1415 | 34 285 . 1096 Guns 939 | 34 285 . 620 Cannons . | . . . . Explosions . | . . . . Melee 308 | . . . 308 Ramming . | . . . . Kinetic . | . . . . Thermal 913 | 34 285 . 594 Explosive . | . . . . Electromagnetic 194 | . . . 194 Impact . | . . . . Slashing 308 | . . . 308 Piercing . | . . . . Highest Corruption . | . . . . Average Corruption . | . . . . Corruption Purged . | . . . . Corruption Blocked . | . . . . Overload Shots . | . . . . Overflow Damage . | . . . . Projectiles . | . . . . Explosions . | . . . . Melee . | . . . . Knockbacks . | . . . . Impact . | . . . . Kinetic . | . . . . Secondary . | . . . . Self-Inflicted Damage . | . . . . Shots . | . . . . Rammed 1 | . . . 1 Targets Rammed 1 | . . . 1 Kicked . | . . . . Crushed . | . . . . Highest Temperature 255 | . 255 . 145 Average Temperature 73 | . 78 . 43 Received Heat Transfer 823 | . . . 823 Siege Activations . | . . . . Martial Activations . | . . . . Shielding Activations . | . . . . Robots Disrupted . | . . . . Combat Hostiles . | . . . . Robots Corrupted . | . . . . Combat Hostiles . | . . . . Parts Fried . | . . . . Impact Corruptions . | . . . . Robots Melted . | . . . . Combat Hostiles . | . . . . Parts Melted 6 | . . . 6 Heat Transferred 2904 | 75 999 . 1830 Parts Sabotaged . | . . . . Parts Stolen . | . . . . Parts Stripped . | . . . . Power Chain Reactions . | . . . . Alert | -11 -10 -10 -10 ------- Run | Yrd Mat Min Sub Maximum Alert Level . | . . . . Low Security (%) 100 | 100 100 100 . Level 1 . | . . . . Level 2 . | . . . . Level 3 . | . . . . Level 4 . | . . . . Level 5 . | . . . . High Security . | . . . . Max Security . | . . . . Peak Influence 57 | 10 57 . . Initial . | . . . . Average 1 | 1 3 . . Influence Increases 953 | 10 148 . 795 Destroy 0b10 Robot/C 200 | . 80 . 120 Destroy 0b10 Robot/NC 40 | 10 30 . . Destroy Leader 28 | . 28 . . Successful Hack 10 | . 10 . . Lose Combat Pursuer 675 | . . . 675 Influence Decreases 423 | 10 148 . 265 Time Decay 363 | 10 148 . 205 Lost Part 60 | . . . 60 Squads Dispatched . | . . . . Investigation . | . . . . Extermination . | . . . . Reinforcement . | . . . . Assault . | . . . . Garrison . | . . . . Intercept . | . . . . Searches Triggered . | . . . . Construction Impeded . | . . . . Haulers Reinforced . | . . . . Active Scanning Responses . | . . . . Cargo Convoy Interrupts . | . . . . Stealth | -11 -10 -10 -10 --------- Run | Yrd Mat Min Sub Distress Signals . | . . . . Communications Jammed . | . . . . Distress Signals . | . . . . Times Spotted 54 | . 9 . 45 Peak Tracking Total 3 | . 2 . 3 Tactical Retreats 5 | . 1 . 4 ECM-based Alert Blocks 1 | . 1 . . Traps | -11 -10 -10 -10 ------- Run | Yrd Mat Min Sub Traps Triggered 3 | . 2 . 1 Indirectly . | . . . . Trap Hack Attempts . | . . . . Triggered . | . . . . Disarmed . | . . . . Reprogrammed . | . . . . Reused . | . . . . Traps Extracted . | . . . . Installed . | . . . . Triggered . | . . . . Machines | -11 -10 -10 -10 ---------- Run | Yrd Mat Min Sub Machines Disabled 3 | . . . 3 Max in Single Turn 1 | . . . 1 Machines Repaired . | . . . . Machines Dismantled . | . . . . Machines Sabotaged . | . . . . Overloaded Fab Kills . | . . . . Hacking | -11 -10 -10 -10 --------- Run | Yrd Mat Min Sub Machines Accessed 6 | . 4 . 2 Terminals 4 | . 4 . . Fabricators . | . . . . Repair Stations . | . . . . Recycling Units . | . . . . Scanalyzers . | . . . . Garrison Access . | . . . . Total Hacks 12 | . 7 . 5 Successful 9 | . 4 . 5 Failed 3 | . 3 . . Catastrophic . | . . . . Database Lockouts . | . . . . Manual 7 | . 7 . . Terminals 7 | . 7 . . Fabricators . | . . . . Repair Stations . | . . . . Recycling Units . | . . . . Scanalyzers . | . . . . Garrison Access . | . . . . Terminal Hacks 5 | . . . 5 Record 4 | . . . 4 Proto ID Catalog 1 | . . . 1 Fabricator Hacks . | . . . . Repair Station Hacks . | . . . . Recycling Unit Hacks . | . . . . Scanalyzer . | . . . . Garrison Access Hacks . | . . . . Unauthorized Hacks 4 | . 4 . . Terminals 4 | . 4 . . Botnet 4 | . 4 . . Fabricators . | . . . . Repair Stations . | . . . . Recycling Units . | . . . . Scanalyzers . | . . . . Garrison Access . | . . . . Data Cores Recovered . | . . . . Used . | . . . . Hacking Detections 2 | . 2 . . Full Trace Events . | . . . . Feedback Events . | . . . . Feedback Blocked . | . . . . Robot Schematics Acquired . | . . . . Robots Built . | . . . . Authchips . | . . . . Time . | . . . . Total Robot Build Rating . | . . . . Part Schematics Acquired . | . . . . Parts Built . | . . . . Authchips . | . . . . Time . | . . . . Total Part Build Rating . | . . . . Part Studies Acquired . | . . . . Parts Repaired . | . . . . Time . | . . . . Parts Recycled . | . . . . Recycled Matter . | . . . . Retrieved Matter . | . . . . Retrieved Components . | . . . . Parts Scanalyzed . | . . . . Part Schematics Acquired . | . . . . Parts Damaged . | . . . . Bothacking | -11 -10 -10 -10 ------------ Run | Yrd Mat Min Sub Used RIF Installer . | . . . . Robots Hacked . | . . . . Non-combat . | . . . . Combat . | . . . . Robot Hacks Applied . | . . . . Relay Couplers Released . | . . . . Fabnet Peak Effective % . | . . . . Robots Rewired . | . . . . Allies Hacked . | . . . . Hacks Repelled . | . . . . Allies | -11 -10 -10 -10 -------- Run | Yrd Mat Min Sub Total Allies . | . . . . Largest Group . | . . . . Highest-Rated Group . | . . . . Highest-Rated Ally . | . . . . Total Orders . | . . . . Ally Attacks . | . . . . Total Damage . | . . . . Kills . | . . . . Allies Corrupted . | . . . . Allies Melted . | . . . . Intel | -11 -10 -10 -10 ------- Run | Yrd Mat Min Sub Active Infowar (turns) 696 | 52 644 . . ECM 696 | 52 644 . . Robot Analysis Total . | . . . . Derelict Logs Recovered 3 | . . 1 2 Drone Launches . | . . . . Drone Recoveries . | . . . . Exploration | -11 -10 -10 -10 ------------- Run | Yrd Mat Min Sub Turns Passed 6489 | 70 1036 1079 4304 Spaces Moved 3356 | 46 523 632 2155 Core 62 | 19 42 . 1 Treads 3294 | 27 481 632 2154 Legs . | . . . . Wheels . | . . . . Hover . | . . . . Flight . | . . . . Fastest Speed 50 | 50 160 160 160 Average Speed 169 | 114 175 160 171 Slowest Speed 350 | 160 350 160 240 Overloaded Moves . | . . . . Propulsion Burnouts . | . . . . Robots Hopped . | . . . . Potential Cave-ins . | . . . . Cave-ins Triggered . | . . . . Exploration Rate (%) 65 | 4 67 99 91 Regions Visited 3 Branch Regions 2 Pre-discovered Areas 1 | . . . 1 Known Exits Taken 3 | 1 1 1 . Unknown Exits Taken . | . . . . Scrap Searched 10 | . . 1 9 Spaces Dug 8 | . . . 8 Terrain Destroyed 8 | . . . 8 Melee . | . . . . Projectile 8 | . . . 8 AOE . | . . . . Terrain Rammed . | . . . . Walls Destroyed . | . . . . Machines Disabled . | . . . . Actions | -11 -10 -10 -10 --------- Run | Yrd Mat Min Sub Total 3802 | 60 608 702 2432 Wait 197 | . 16 67 114 Move 3353 | 45 522 631 2155 Hop . | . . . . Pick Up 37 | 6 25 2 4 Fast Attach 5 | 1 1 . 3 Attach 15 | 5 8 . 2 Detach 1 | . 1 . . Swap 11 | . 7 . 4 Drop 17 | . 9 2 6 Fire 127 | 3 19 . 105 Melee 38 | . . . 38 Ram 1 | . . . 1 Kick . | . . . . Crush . | . . . . Escape Stasis . | . . . . Rewire . | . . . . Trap . | . . . . Miscellaneous . | . . . . Route ------- -11/Scrapyard -10/Materials (discovered 4 exits: *Mat x2 / *Min / *Sub) -10/Mines (discovered 3 exits: *Mat x2 / *Sub) -10/Subcaves (discovered 3 exits: *Mat x2 / *Rec) History --------- Turn | Location | Event 12 | -11/Scrapyard | Identified exit to Materials 12 | -11/Scrapyard | Discovered exit to Materials (range 16) 71 | -11/Scrapyard | Entered Materials 71 | -10/Materials | Evolved 1 slot: Utility x1 312 | -10/Materials | Build established: Hacker-Mutant 340 | -10/Materials | Identified exit to Materials 340 | -10/Materials | Discovered exit to Materials (range 13) 344 | -10/Materials | Identified exit to Subcaves 344 | -10/Materials | Discovered exit to Subcaves (range 13) 871 | -10/Materials | Derelicts attacked the area 930 | -10/Materials | Discovered exit to Materials (range 6) 1025 | -10/Materials | Identified exit to Mines 1025 | -10/Materials | Discovered exit to Mines (range 8) 1107 | -10/Materials | Entered Mines 1232 | -10/Mines | Discovered exit to Materials (range 13) 1343 | -10/Mines | Learned Materials interactive machine intel 1584 | -10/Mines | A weapon hastily lodged in a ceiling crevice suddenly fell to the ground 1880 | -10/Mines | Discovered exit to Materials (range 10) 1956 | -10/Mines | YI-UF0 nonchalantly dropped a Grenade Launcher on the ground 2176 | -10/Mines | Discovered exit to Subcaves (range 6) 2186 | -10/Mines | Entered Subcaves 2187 | -10/Subcaves | Approached by a straggling Scientist 2191 | -10/Subcaves | Ambushed by Subdwellers from Twisted Machinery 2253 | -10/Subcaves | Shifting Twisted Machinery released Sub. Laser 2284 | -10/Subcaves | Shifting Twisted Machinery released Sub. Machine Gun 2291 | -10/Subcaves | Shifting Twisted Machinery released Piercing Trap 2313 | -10/Subcaves | Identified exit to Materials 2313 | -10/Subcaves | Discovered exit to Materials (range 14) 2781 | -10/Subcaves | Learned Materials trap positions 2784 | -10/Subcaves | Visited 4L-MR0's lab 3035 | -10/Subcaves | Shifting Twisted Machinery released Battle Cannon 3135 | -10/Subcaves | Ambushed by angry Subdweller bent on revenge 3186 | -10/Subcaves | Shifting Twisted Machinery released Battle Rifle 3199 | -10/Subcaves | Shifting Twisted Machinery released Sub. Monowheel 3279 | -10/Subcaves | A swath of the cavern ceiling suddenly collapsed 3636 | -10/Subcaves | Ambushed by Subdwellers from Twisted Machinery 3697 | -10/Subcaves | Disturbed a concealed Subdweller 3842 | -10/Subcaves | A swath of the cavern ceiling suddenly collapsed 3911 | -10/Subcaves | Learned location of Zion (-7) 3911 | -10/Subcaves | Met a Zionite searching for "candidates" 4059 | -10/Subcaves | Visited Clippyterm 4066 | -10/Subcaves | Learned Factory fabricator intel 6286 | -10/Subcaves | Identified exit to Recycling 6286 | -10/Subcaves | Discovered exit to Recycling (range 11) 6323 | -10/Subcaves | Core integrity fell below 50% 6452 | -10/Subcaves | Learned Materials terminal intel 6457 | -10/Subcaves | Lost 3 parts (1p2w) 6460 | -10/Subcaves | Discovered exit to Materials (range 11) 6483 | -10/Subcaves | Core integrity fell below 20% 6490 | -10/Subcaves | Destroyed by 9G-LSG(R) with Subdweller Beam Cannon Last Messages --------------- 06286_ EXIT=FOUND: RECYCLING 06311_ Acquired Lgt. Ion Engine. 06314_ Autobeam Turret destroyed. 06314_ Machine disabled. 06328_ Autobeam Turret destroyed. 06328_ Machine disabled. 06342_ Acquired 10 matter. 06421_ Lgt. Ion Engine destroyed. 06421_ Hvy. Riot Gun destroyed. 06426_ Med. Laser destroyed. 06430_ JB-KH9(R) destroyed. 06452_ Acquired derelict log, extracted data. Data stored: Materials terminal intel. 06460_ EXIT=FOUND: MATERIALS 06475_ Critical hit (Meltdown: +180). 06482_ Lgt. Treads destroyed. 06484_ ECM Suite destroyed. 06486_ Mak. Axe destroyed. 06486_ Critical hit (Meltdown: +160). 06486_ Slammed into 9G-LSG(R). Map ----- +----------------------------------------------------+ | ### #????????????????####??????????# ### # #? | | ## ##??????????????????????????????###?## ##? | | ###??????????????????????????????????# ##?? | | #??????????????????????????????????####??? | | ###????????????????????????????????????????? | | #??????????????????????????????????????????? | | ##?????????????????????????????????????????? | | ##????????????????????????????????????????? | | #????????????????????????????????????????? | | #????????????????????????????????????????? | | #????????????????????????????????????????? | | ##????????????????????????????????????????? | | ###?????????????????????????????????????????? | | ###?????????????????????????????????????????? | | # #?????????????????????????????????????????? | | ## #?????????????##??????????????????????????? | | ?#######?????????????# #????????? ??????????????? | | ?????????????????????# ???????? ??????????????? | | ???????????????????##" ##?????# ?##???????????? | | ???????????????????# "" ##???#" "" #???????????? | | ???????????????????# " #### """ #???????????? | | ??????????????????## "" """ #???????????? | | ???????????????#### " "" #???????????? | | ???????????????#"" R "" #????????????? | | ????????????????#"" % R"" #?????????????? | | ????????????????#"" #;;@ "< #?????????????? | | ????????????????##????###; #?????????????? | | ????????????????????????## ###?????????????? | | ????????????????????##### #####???????????????? | | ???????????????????## ##???????????????????? | | ??????????????????## ##????????????????????? | | ?????????????????## ##?????????????????????? | | ????????????????## ###??????????????????????? | | ??????????????### #????????????????????????? | | ??????????????#"" ## ##????????????????????????? | | ????????????#" ### ##?????????????????????????? | | ????????????#" "" ##?????????????????????????? | | ???????????#" " #?????????????????????????? | | ???????????#" " #?????????????????????????? | | ??????????##" "" #?????????????????????????? | | ###???????# #?????????????????????????? | | #???????#" ##?????????????????????????? | | ????#### # #??????????????????????????? | | # ???## # ##??????????????????????????? | | ?# #### ### ##???????????????????????????? | | ##" """" #####?? #????????????????????????????? | | #??????# ????????????????????????##### | | "#??????? #??????????????????????## ## | | #??????? ??????????????????????# | | #??????? #?????????????????????## | +----------------------------------------------------+ Best States ------------- Heat Dissipation 25 Energy Generation 10 Energy Capacity 250 Matter Stores 300 Matter Capacity 300 Sight Range 16 Terrain Scan Density 10 ECM Strength 2 Resistance: KI 35 Resistance: TH 35 Resistance: EX 35 Resistance: EM 35 Resistance: I 35 Resistance: S 35 Resistance: P 35 Evasion (%) 50 Recoil Reduction 2 Offensive Hacking 20 Item Schematics ----------------- None Robot Schematics ------------------ None Fabricated ------------ Nothing Repaired ---------- Nothing Studied --------- None Alien Tech Used ----------------- None Achievements -------------- None Challenges ------------ None Game ------ Seed GunCompanionTriangulator Manual? 0 Play Time 00:21:28 Cumulative 223.9 hours Start 2025.12.24 @ 11:59:06 End 2025.12.24 @ 14:12:06 Sessions 1 Manual Loads 0 Difficulty Explorer Special Mode None Game No. 341 Rogue 0 Adventurer 0 Explorer 341 Win Type - Total 0 Types 0/0/0/0/0/0/0/0/0/0 Lore% 71 Gallery% 68 Achievement% 53 Wizard Run 0 Options --------- Layout 1 ASCII 0 Keyboard 0 Movement Mouse Keybinds 0 Fullscreen 1 Font 24/Smallcaps Map View 50x35 Zoom Use 0% Tactical HUD 1 Map Filters NONE Filters NONE Steam 1 RUN: 51809a34-8b1b-4a21-86b9-121c94460ea4